[Event "Asian Zonal 3.2 Women 2019"]
[Site "Dhaka"]
[Date "2019.03.20"]
[Round "6.12"]
[White "Hamid, Rani"]
[Black "Jannatul, Ferdous"]
[Result "1/2-1/2"]
[ECO "C78"]
[WhiteElo "1941"]
[BlackElo "1704"]
[Annotator "NA RC"]
[PlyCount "149"]
[EventDate "2019.03.14"]
[EventType "swiss"]
[EventCountry "BAN"]
[SourceTitle "playchess.com"]
[Source "ChessBase"]
[SourceQuality "1"]
[TimeControl "5400+30"]

1. e4 e5 2. Nf3 Nc6 3. Bb5 a6 4. Ba4 Nf6 5. O-O b5 6. Bb3 Bc5 7. c3 d6 8. h3 O-O 9. d4 Bb6 10. Be3 {[%emt 0:00:00] C78: Ruy Lopez: Archangelsk and Möller Defences} exd4 11. cxd4 Nxe4 12. Bd5 Qe8 13. Qc2 {[%emt 0:00:00] Double Attack} Nb4 14. Qxe4 Qxe4 15. Bxe4 d5 16. Bxh7+ Kxh7 17. Nc3 {[%emt 0:00:00] [#]} Nc2 $146 18. Rac1 Nxe3 19. fxe3 Be6 20. Ne2 Rac8 {[%emt 0:00:00] [#]} (20... f6 $11) 21. Nf4 $1 Kg8 22. Ne5 (22. Nxe6 $16 fxe6 23. Rc6) 22... Rcd8 (22... Rfe8 $14) 23. Nc6 Rd6 24. Rf3 (24. Ne7+ $16 Kh7 25. Nxe6 {[%mdl 64] Overworked Piece} Rxe6 26. Nxd5) 24... Re8 25. b4 Bd7 26. Ne5 f6 27. Ned3 Bf5 28. Nf2 (28. Nc5 $11) 28... Be4 ({Better is} 28... a5 $17) 29. Rg3 Kf7 30. h4 a5 31. a3 axb4 32. axb4 Ra8 33. Nh5 g6 34. Nf4 Bf5 35. Rf3 Be4 36. Nxe4 dxe4 37. Rff1 Ra3 38. Rfe1 Rb3 39. Rb1 Rc3 40. Re2 Rdc6 41. Nd5 Rc1+ 42. Rxc1 Rxc1+ 43. Kf2 Ke6 44. Nxb6 cxb6 45. Ra2 Rb1 46. Ra6 Rxb4 47. Rxb6+ Kf7 48. g4 Rb1 49. h5 gxh5 50. gxh5 b4 51. Rb7+ (51. Kg3 $1 $14) 51... Kg8 (51... Ke6 $11 {remains equal.}) 52. Rb6 (52. Kg3 $14) 52... b3 53. Kg2 ({But not} 53. Rxf6 $2 b2 $19) 53... b2 54. Rb7 Re1 55. Rxb2 Rxe3 56. Rb7 f5 57. Rd7 f4 58. d5 f3+ 59. Kg3 Re2 60. d6 $2 (60. Rd8+ $15 Kg7 61. h6+ Kxh6 62. d6 Rg2+ 63. Kh3) 60... Rg2+ 61. Kh3 {[%emt 0:00:00] [#]} Rg5 $2 (61... Rg1 $1 $19 62. Rd8+ Kf7) 62. h6 Rh5+ (62... e3 $5 63. Rg7+ $8 Rxg7 64. hxg7 e2 $11) 63. Kg3 Rg5+ 64. Kh4 Rf5 65. h7+ Kh8 66. Re7 $2 (66. Rd8+ $11 Kxh7 67. d7) 66... f2 67. d7 Rd5 68. Rf7 e3 69. Kg3 Rd1 70. Kg2 e2 {[%emt 0:00:52] [#]} 71. d8=Q+ $1 Rxd8 72. Kxf2 Re8 73. Ke1 Re6 74. Rc7 Re8 75. Ra7 $11 1/2-1/2

[Event "Asian Zonal 3.2 Women 2019"]
[Site "Dhaka"]
[Date "2019.03.21"]
[Round "7.9"]
[White "Sultana, Sharmin Shirin"]
[Black "Parveen, Seyda Shabana"]
[Result "1/2-1/2"]
[ECO "E61"]
[WhiteElo "1981"]
[BlackElo "2073"]
[Annotator "NA RC"]
[PlyCount "206"]
[EventDate "2019.03.14"]
[EventType "swiss"]
[EventCountry "BAN"]
[SourceTitle "playchess.com"]
[Source "ChessBase"]
[SourceQuality "1"]
[TimeControl "5400+30"]

1. d4 Nf6 2. Nf3 d6 3. Bf4 g6 4. e3 Bg7 5. h3 O-O 6. c4 c6 7. Nc3 Nbd7 8. Be2 h6 {[%emt 0:09:58] E61: King's Indian: Early deviations for White, including Smyslov System} 9. Bh2 $146 ({Predecessor:} 9. O-O Nh7 10. Qd2 e5 11. Bh2 f5 12. Rad1 e4 13. Ne1 Ndf6 14. b4 d5 15. b5 Be6 16. bxc6 bxc6 17. Na4 {1-0 (47) Florescu,C (2273)-Vajda,L (2568) Mamaia 2015}) 9... b6 10. O-O Bb7 11. Qc2 Re8 12. Rfd1 Qc8 13. Rac1 a6 14. Qb1 e5 15. dxe5 dxe5 16. Nd2 Re6 17. Nde4 Ne8 18. c5 b5 19. b4 Bf8 20. Qb3 Ndf6 21. Rd2 Kg7 (21... Qc7 $16) 22. Rcd1 Qc7 (22... a5 $16 23. a3 Be7) 23. Qb2 Bc8 24. Bf3 a5 $2 (24... Kh7 {is a better defense.} 25. a3 Nxe4 26. Bxe4 (26. Nxe4 Ra7 $16) 26... Ra7) 25. Nxf6 Nxf6 {[%emt 0:00:26] [#]} 26. Nxb5 $1 {[%emt 0:02:25] Pin} Qb7 27. Nd6 Qxb4 28. Bxe5 Qxb2 29. Bxb2 ({Stronger than} 29. Rxb2 Rxe5 30. Bxc6 Ra7 $15) 29... h5 30. Bxc6 Rb8 $1 $11 {[%emt 0:00:10] and Black stays safe.} 31. Ne8+ (31. Bd5 Rxd6 32. cxd6 Bxd6) 31... Kh6 32. Nd6 $2 ({Less strong is} 32. Nxf6 Rxc6 33. Be5 Rb5 $18) (32. Bxf6 $18 Rxc6 33. Rd8) 32... Bxd6 $4 33. cxd6 Nd7 34. Bc3 Rb6 35. Bxd7 Bxd7 36. Bxa5 Ra6 37. Bb4 Re5 38. a3 Rg5 $2 (38... Rc6 39. Rd4 Kg7) 39. Kh2 Rb5 40. Rc1 Rb7 41. h4 Kg7 42. e4 Kf6 43. f4 Ke6 44. Rc5 f6 45. Rc3 Ra8 46. Rc7 Raa7 47. Rxb7 Rxb7 48. Rc2 Rb5 $2 (48... Be8 49. Kg3 Bd7) 49. Kg3 f5 50. Kf3 fxe4+ 51. Kxe4 Kf7 52. Rc7 Ke6 53. g3 Rf5 54. a4 Rf8 55. a5 Rb8 56. Rc4 (56. Bc5 $142 Rc8 57. a6 Rxc7 58. dxc7 Bc6+ 59. Kd4) 56... Bb5 (56... Rc8 $142 57. Kd4 Rxc4+ 58. Kxc4 Bc6) 57. Rd4 Bc6+ 58. Kd3 Kd7 59. Kc4 Rc8 60. Bc5 Re8 (60... Ra8 $142 61. Bb6 Rc8) 61. Rd3 Re4+ 62. Kb3 Re1 (62... Bb7 $142 63. Kc3 Bc8) 63. Ba3 Rb1+ 64. Bb2 Re1 (64... Bb7) 65. Be5 Re4 (65... Rb1+ {might work better.}) 66. Rc3 Ba4+ 67. Kb2 Bc6 68. a6 Rb4+ 69. Rb3 Rxb3+ 70. Kxb3 Bb5 71. a7 Bc6 72. Kb4 Ba8 73. Kc5 Bf3 74. Bc3 Ba8 75. Bb4 Bf3 76. Kd4 Ke6 77. Bc5 Ba8 {[%emt 0:00:14] [#]} 78. d7 $18 Kxd7 79. Ke5 Ke8 80. Kf6 Be4 81. Bb4 Kd7 82. a8=Q Bxa8 83. Kxg6 Bf3 84. f5 Be4 85. Kf6 Ke8 86. Ke6 Bc2 87. Kf6 Bd3 88. Kg6 Be4 89. Kxh5 Bxf5 90. Kg5 Bd3 91. Kf6 Be2 92. Kg6 Bd3+ 93. Kg5 Kf7 94. Kh6 Be2 95. Bc3 Bd1 96. Kg5 Be2 97. g4 Bd1 98. h5 Be2 99. Kh4 Bd1 100. g5 Bc2 101. Kg3 Bd3 102. Kf4 Bc2 103. Kg4 Bd3 1/2-1/2

[Event "Asian Zonal 3.2 Women 2019"]
[Site "Dhaka"]
[Date "2019.03.21"]
[Round "7.10"]
[White "Noshin, Anjum"]
[Black "Sultana, Zakia"]
[Result "1-0"]
[ECO "C11"]
[WhiteElo "1722"]
[BlackElo "1826"]
[Annotator "NA RC"]
[PlyCount "87"]
[EventDate "2019.03.14"]
[EventType "swiss"]
[EventCountry "BAN"]
[SourceTitle "playchess.com"]
[Source "ChessBase"]
[SourceQuality "1"]
[TimeControl "5400+30"]

1. e4 e6 2. d4 d5 3. Nc3 Nf6 4. e5 Nfd7 5. f4 c5 6. Nf3 Nc6 7. Be3 Be7 8. Qd2 O-O 9. Qf2 {[%emt 0:05:13] [#] C11: French: Classical System: 4 e5 and 4 Bg5 dxe4} (9. dxc5 $11 Bxc5 (9... Qa5 10. a3 Bxc5 11. Bxc5 Nxc5 12. Bd3 Bd7 13. O-O Nxd3 14. cxd3 Rac8 15. Qf2 Qa6 16. Rad1 b5 17. f5 exf5 18. Nxd5 {1-0 (37) Anand,V (2773)-Christiansen,J (2555) St Petersburg 2018}) 10. O-O-O) 9... cxd4 $2 ({Black should play} 9... f6 $1 $19 10. exf6 Nxf6) 10. Nxd4 Nxd4 11. Bxd4 f6 12. exf6 Bxf6 13. Qe3 $2 $146 {[%emt 0:07:56] [#]} (13. O-O-O $1 $14 {stays ahead.}) ({Predecessor:} 13. Bxf6 Qxf6 14. g3 Ne5 15. O-O-O Bd7 16. Qe1 Nc6 {1-0 (34) Balinov,I (2448)-Frehen,W Oberwart 1999}) 13... Bxd4 (13... e5 $1 $17 14. fxe5 Nxe5) 14. Qxd4 Qf6 15. Qxf6 Nxf6 16. Bd3 Bd7 17. O-O Rac8 18. Rae1 Rfe8 19. h3 a6 20. Re5 Bc6 21. Rfe1 Kf7 {[%emt 0:02:16] [#]} (21... d4 $11 22. Ne2 Nd7) 22. Ne2 $1 g6 23. Nd4 Bd7 24. g3 Nh5 25. Kf2 Ng7 26. g4 Bc6 (26... Rf8 $16 {was necessary.} 27. Kf3 Kg8) 27. h4 h5 (27... Bd7 {was worth a try.} 28. h5 gxh5) 28. Rg5 Re7 $2 (28... hxg4 {was necessary.} 29. Bxg6+ Kf6 30. Bxe8 Bxe8) 29. Bxg6+ {[%emt 0:00:46] Double Attack} Kf8 30. gxh5 Be8 31. h6 Bxg6 32. hxg7+ Kf7 33. f5 Bh7 34. fxe6+ Kf6 35. Re3 Rec7 36. Rf3+ Ke7 37. Rf7+ Kd6 38. Rxc7 Kxc7 39. Rxd5 Re8 40. Rd7+ Kc8 41. Rf7 Bg8 42. Rf8 Kd8 43. Rxe8+ Kxe8 44. Nf5 $18 1-0

[Event "Asian Zonal 3.2 Women 2019"]
[Site "Dhaka"]
[Date "2019.03.21"]
[Round "7.11"]
[White "Khan, Nazrana"]
[Black "Parveen, Tanima"]
[Result "1/2-1/2"]
[ECO "D16"]
[WhiteElo "1948"]
[BlackElo "1990"]
[Annotator "NA RC"]
[PlyCount "66"]
[EventDate "2019.03.14"]
[EventType "swiss"]
[EventCountry "BAN"]
[SourceTitle "playchess.com"]
[Source "ChessBase"]
[SourceQuality "1"]
[TimeControl "5400+30"]

1. d4 d5 2. c4 c6 3. Nc3 Nf6 4. Nf3 dxc4 5. a4 e6 6. Ne5 {[%emt 0:00:47] D16: Slav Defence: 5 a4: Lines with 5...Bg4 and 5...Na6} (6. e3 c5 7. Bxc4 cxd4 8. exd4 Nc6 9. O-O Be7 10. Bg5 O-O 11. Qd2 b6 12. d5 Na5 13. Ba2 Nxd5 14. Nxd5 exd5 15. Bxe7 Qxe7 16. b4 Nc4 17. Qxd5 {0-1 (79) Navara,D (2740)-Grandelius,N (2655) Porto Carras 2018}) 6... c5 7. e3 cxd4 8. Qxd4 $146 ({Predecessor:} 8. exd4 Be7 9. Bxc4 O-O 10. O-O Nc6 11. Nf3 Nb4 12. Qe2 Bd7 13. Rd1 Bc6 {½-½ (21) Wahlbom,M (2288)-Hjelm,N (2313) Sweden 2012}) 8... Qxd4 9. exd4 Bb4 10. Bxc4 Ne4 11. Bd2 Nxd2 12. Kxd2 O-O 13. Rhd1 Nd7 14. a5 Nxe5 15. dxe5 Bd7 16. Kc2 Bc6 17. f3 Rac8 18. Kb3 Bxc3 19. bxc3 Rfd8 20. Kb4 Kf8 21. Bb3 Ke7 22. c4 f6 23. exf6+ Kxf6 24. Bc2 (24. c5 $14) 24... e5 25. h4 ({Don't play} 25. Bxh7 g6 $17) 25... h6 26. c5 a6 27. Bb3 e4 28. fxe4 Bxe4 ({Black should try} 28... Rxd1 $11 29. Rxd1 Bxe4) 29. g3 Ke5 30. Bc4 g6 31. Rac1 h5 {[%emt 0:02:45] [#]} 32. Ra1 ({White should try} 32. Rf1 $1 $16 Rf8 33. Rfe1) 32... Rxd1 33. Rxd1 Rf8 $11 1/2-1/2

[Event "Asian Zonal 3.2 Women 2019"]
[Site "Dhaka"]
[Date "2019.03.21"]
[Round "7.12"]
[White "Kazi Zarin, Tasnim"]
[Black "Hamid, Rani"]
[Result "0-1"]
[ECO "B42"]
[WhiteElo "1567"]
[BlackElo "1941"]
[Annotator "NA RC"]
[PlyCount "110"]
[EventDate "2019.03.14"]
[EventType "swiss"]
[EventCountry "BAN"]
[SourceTitle "playchess.com"]
[Source "ChessBase"]
[SourceQuality "1"]
[TimeControl "5400+30"]

1. e4 c5 2. Nf3 e6 3. d4 cxd4 4. Nxd4 a6 5. Bd3 Nf6 6. O-O Qc7 7. f4 (7. Qe2 $14) 7... Bc5 {[%emt 0:00:57] B42: Sicilian: Kan Variation: 5 Bd3} 8. Be3 Nc6 9. c3 d6 10. Qe2 $146 ({Predecessor:} 10. Nd2 e5 11. Nc2 exf4 12. Rxf4 Ne5 13. Nb3 Nfg4 14. Bd4 Be6 15. h3 Nxd3 16. Qxd3 {1-0 (57) Paehtz,E (2464)-Dzagnidze,N (2522) Huaian 2017}) 10... e5 11. Nb3 Bxe3+ 12. Qxe3 exf4 13. Qxf4 Ne5 14. Be2 {[%emt 0:02:11] [#]} (14. Bc2 $11) 14... O-O (14... Qb6+ $1 $17 15. Kh1 Ng6) 15. N1d2 b5 16. Kh1 Be6 17. Nd4 Rac8 (17... Bd7 $15) 18. Nf5 (18. Qg3 $11 Qe7 19. a4) 18... Bxf5 19. Qxf5 Rfe8 20. Rf2 Qc5 21. Raf1 Qe3 22. Bd1 a5 23. Re2 Qb6 24. Nf3 Nxf3 25. Rxf3 (25. gxf3 $11 Rc5 26. Qf4) 25... Rc5 26. Qf4 Rce5 27. Bc2 d5 28. Rfe3 h6 29. Qf3 (29. Qh4 $17) 29... Qc5 30. Re1 Qe7 31. Qe2 (31. R3e2 $17 {was necessary.}) 31... dxe4 32. c4 (32. h3 $142) 32... bxc4 33. Qxc4 (33. h3 $142) 33... Qb4 34. Qxb4 axb4 35. h3 Kf8 36. Kg1 Rd8 37. R1e2 Rd4 38. Kf2 Rf5+ 39. Kg3 Rg5+ 40. Kf2 Re5 41. Ke1 Ke7 42. Kf1 Kd6 43. Kf2 g5 44. g4 Rc4 (44... h5 $17 45. gxh5 g4) 45. Kg1 (45. Bb3 $11 {remains equal.} Rd4 46. Bxf7) 45... Re6 (45... h5 $17 46. gxh5 Nxh5 47. Rxe4 Rexe4 48. Bxe4 Nf4 {[%mdl 64] Double Attack} 49. Rd2+ Ke5) 46. Kf2 (46. Bb3 $11 {keeps the balance.} Rc1+ 47. Kf2) 46... Rd4 47. Ke1 Re7 48. Kf1 {[%emt 0:00:00] [#]} (48. a3 $17 {was necessary.}) 48... h5 $1 49. gxh5 Nxh5 50. Rg2 f6 51. Rg4 Nf4 52. Ke1 Ke5 53. Rgg3 Rh7 54. a3 Rc7 $19 55. Bb3 Rc1+ 0-1

[Event "Asian Zonal 3.2 Women 2019"]
[Site "Dhaka"]
[Date "2019.03.22"]
[Round "8.9"]
[White "Noshin, Anjum"]
[Black "Sultana, Sharmin Shirin"]
[Result "0-1"]
[ECO "B43"]
[WhiteElo "1722"]
[BlackElo "1981"]
[Annotator "NA RC"]
[PlyCount "110"]
[EventDate "2019.03.14"]
[EventType "swiss"]
[EventCountry "BAN"]
[SourceTitle "playchess.com"]
[Source "ChessBase"]
[SourceQuality "1"]
[TimeControl "5400+30"]

1. e4 c5 2. Nf3 e6 3. d4 cxd4 4. Nxd4 a6 5. Nc3 Qc7 6. Bd3 Nf6 7. O-O Nc6 8. Nxc6 dxc6 9. f4 Bc5+ 10. Kh1 e5 11. f5 h5 {[%emt 0:06:22] B43: Sicilian: Kan Variation: 5 Nc3} (11... b5 12. a4 b4 13. Nb1 h5 14. Bg5 Be7 15. Be3 c5 16. Nd2 Bb7 17. Rf3 Ng4 18. Bg1 Bg5 19. Nc4 {1-0 (46) Pinkovetsky,S (2639)-Elwert,H (2724) ICCF email 2006}) 12. Be2 Bd7 13. Qd3 $146 ({Predecessor:} 13. Bg5 O-O-O 14. Qe1 Rdg8 15. Bxf6 gxf6 16. Na4 Bd4 17. c3 Qa5 18. Qd1 Ba7 19. b4 {½-½ (54) Quinones Mena,J (2056)-Arancibia Guzman,E (2358) Santiago de Chile 2007}) 13... Bd4 14. Qg3 Rh7 15. Bg5 O-O-O 16. Qh4 Rg8 17. Bxf6 gxf6 18. Qxf6 h4 19. Qe7 Be8 20. Qxc7+ Kxc7 21. Rad1 Rhg7 22. Bf3 f6 23. Rd3 Bf7 24. b3 b5 25. Ne2 Bc5 26. Rfd1 Be8 27. c3 a5 28. Rd8 Kb7 29. R8d3 Kc7 30. a4 bxa4 31. bxa4 Rd7 32. Rxd7+ Bxd7 33. Rb1 Bc8 34. Nc1 (34. g3 $1 $11 {remains equal.}) 34... Ba6 35. Nb3 (35. h3 $17) 35... Rb8 36. Nd2 Rd8 (36... Rxb1+ $142 37. Nxb1 Bd3) 37. Nb3 Bb6 38. Rd1 Rb8 39. Bh5 Bc4 40. Nd2 Bd3 41. Bf7 Bc2 42. Ra1 Rd8 43. Nf3 Bxe4 44. Nxh4 Bf2 45. Nf3 Bxf5 46. Rf1 Bc5 47. h3 (47. h4 $17) 47... Bc2 48. Ra1 e4 49. Ne1 $2 (49. Nd4 Bxd4 50. cxd4) 49... Bd1 50. Bg6 Bf2 51. Bxe4 Bxe1 52. Bf3 Bxf3 53. Rxe1 Rd1 54. Rxd1 Bxd1 55. g4 Bxa4 0-1

[Event "Asian Zonal 3.2 Women 2019"]
[Site "Dhaka"]
[Date "2019.03.22"]
[Round "8.10"]
[White "Parveen, Seyda Shabana"]
[Black "Jannatul, Ferdous"]
[Result "1-0"]
[ECO "E17"]
[WhiteElo "2073"]
[BlackElo "1704"]
[Annotator "NA RC"]
[PlyCount "159"]
[EventDate "2019.03.14"]
[EventType "swiss"]
[EventCountry "BAN"]
[SourceTitle "playchess.com"]
[Source "ChessBase"]
[SourceQuality "1"]
[TimeControl "5400+30"]

1. d4 Nf6 2. Nf3 e6 3. g3 b6 4. Bg2 Bb7 5. O-O Be7 6. b3 O-O 7. Bb2 d5 8. Nbd2 Nbd7 9. c4 c5 10. e3 Rc8 11. Ne5 {[%emt 0:04:15] E17: Queen's Indian: 4 g3 Bb7 5 Bg2 Be7} (11. Qe2 dxc4 12. Nxc4 {½-½ (12) Gupta,A (2619)-Mchedlishvili,M (2621) Tashkent 2014}) 11... Qc7 12. Rc1 dxc4 13. Ndxc4 Bxg2 14. Kxg2 Qb7+ ({Better is} 14... b5 $11 15. Nd2 Rfd8) 15. Qf3 Qxf3+ 16. Nxf3 cxd4 17. Nxd4 $146 ({Predecessor:} 17. exd4) 17... a6 18. Rfd1 Rfd8 19. f3 Nd5 20. e4 Nb4 (20... Rxc4 $11 21. exd5 Rxc1 22. Rxc1 Bf6) 21. Ba3 ({White should try} 21. a3 $16 b5 22. Ne3 (22. axb4 bxc4 23. b5 axb5 $11) 22... Rxc1 23. Bxc1) 21... Bc5 22. Bxb4 Bxb4 23. Nc2 Be7 24. e5 Nc5 (24... b5 $15 {stays ahead.} 25. Nd6 Bxd6 26. exd6 Nb6) 25. Nxb6 Rb8 26. Nc4 Nd3 27. Rb1 f6 (27... g5 $14) 28. exf6 gxf6 29. Ne1 (29. Kf1 $142) 29... Nb4 30. a3 Nd5 31. Rd3 Rdc8 32. Rbd1 Kf7 33. f4 Rc7 {[%emt 0:02:20] [#]} 34. f5 $1 Rd7 (34... Nb6 $16) 35. Kf3 Rbd8 $2 (35... Rbb7 36. Ng2 Nb6 37. fxe6+ Kxe6 38. Nxb6 Rxd3+ 39. Rxd3 Rxb6) 36. fxe6+ Kxe6 37. Nc2 $2 (37. Ng2) 37... Kf7 38. N2e3 Nxe3 39. Kxe3 Bc5+ 40. Ke2 Rxd3 41. Rxd3 Rxd3 42. Kxd3 Ke6 43. b4 Bg1 44. h3 f5 45. g4 fxg4 46. hxg4 Kd5 47. a4 Ba7 ({Better is} 47... Bf2) 48. Na5 Bb6 {[%emt 0:00:00] [#]} (48... Bf2 $11 {keeps the balance.}) 49. Nc4 (49. Nb3 $1 $16) 49... Ba7 $1 50. Nd2 h6 $1 $11 51. Nf3 Bb6 52. Nd2 ({Better is} 52. Ne1 $16) 52... Bg1 53. Nc4 Ba7 54. Nd2 $2 (54. a5 $18) 54... Bg1 55. Ne4 Bd4 56. Ng3 Ba7 57. Nf5 Ke5 58. Nxh6 Kf4 59. Kc4 Kg5 60. Nf7+ Kxg4 61. Nd6 Kf4 62. Kd5 Ke3 63. Kc4 $2 (63. a5 {mates} Kd3 64. Ne4 Be3 65. b5 Bf4 66. Nc5+ Ke3 67. bxa6 Bb8 68. Nd7) 63... Kf4 $1 $11 64. Nc8 (64. Nb7 Ke5) 64... Bf2 65. Nd6 $2 (65. a5 {mates} Be1 66. b5 axb5+ 67. Kxb5 Bxa5 68. Kxa5) 65... Ke5 $2 {[%emt 0:00:42] [#]} 66. Nb7 $1 Bb6 67. Nc5 Kd6 68. Nxa6 Kc6 69. Nc5 Bd8 70. Ne6 Bh4 71. Nd4+ Kb6 72. Nb3 Bd8 73. a5+ Ka6 74. Nc5+ $2 (74. b5+ {mates} Kb7 75. Kd5 Bc7 76. Nc5+ Ka7 77. a6 Kb6 78. Nd7+ Ka7 79. Kc6) 74... Ka7 75. Kb5 Bc7 76. Kc6 Bh2 77. b5 Bg3 78. b6+ Ka8 79. Na6 Bf2 80. b7+ 1-0

[Event "Asian Zonal 3.2 Women 2019"]
[Site "Dhaka"]
[Date "2019.03.22"]
[Round "8.11"]
[White "Hamid, Rani"]
[Black "Khan, Nazrana"]
[Result "1-0"]
[ECO "B43"]
[WhiteElo "1941"]
[BlackElo "1948"]
[Annotator "NA RC"]
[PlyCount "79"]
[EventDate "2019.03.14"]
[EventType "swiss"]
[EventCountry "BAN"]
[SourceTitle "playchess.com"]
[Source "ChessBase"]
[SourceQuality "1"]
[TimeControl "5400+30"]

1. e4 c5 2. Nf3 e6 3. d4 cxd4 4. Nxd4 a6 5. Be2 Nf6 6. Nc3 Qc7 7. O-O Bb4 8. Qd3 Nc6 9. Nxc6 dxc6 10. f4 {[%emt 0:01:53] B43: Sicilian: Kan Variation: 5 Nc3} b5 11. Qg3 $146 ({Predecessor:} 11. e5 Nd5 12. Ne4 Be7 13. b3 c5 14. Nd6+ Bxd6 15. exd6 Qb6 16. c4 bxc4 17. bxc4 Nb4 18. Rb1 Qa7 19. Qc3 f6 20. Bh5+ Kf8 21. Qh3 f5 22. Bf3 Rb8 23. a3 {1-0 (23) Oral,T (2535)-Weiss,C (2420) Germany 2008}) 11... O-O 12. e5 Ne8 (12... Nd5 $11 {keeps the balance.}) 13. Be3 Be7 14. Ne4 c5 15. Qf2 c4 ({Better is} 15... f6 $14) 16. Bb6 Qb8 17. Bf3 Bb7 18. Rad1 Bd5 19. Bd4 Nc7 {[%emt 0:06:39] [#]} (19... Qb7 $14 20. Qe3 Qc6) 20. Qg3 (20. Nf6+ $1 $18 Bxf6 (20... gxf6 21. Qg3+) 21. exf6) 20... Kh8 21. h4 Ne8 22. h5 h6 {[%emt 0:00:56] [#]} (22... Qc7 $16 {was called for.}) 23. c3 (23. f5 $142 $1) 23... Qd8 ({Better is} 23... Qb7 $14 24. Nd6 Bxd6 25. exd6 f6) 24. Qh3 ({White should play} 24. Be3 $18) 24... f5 25. exf6 Nxf6 26. Nxf6 Bxf6 27. Bxd5 exd5 28. Qf3 Bxd4+ 29. Rxd4 Qb6 30. Re1 Rad8 31. Re5 b4 32. Kh2 bxc3 33. bxc3 Qb2 34. Re7 (34. Re6 $16) 34... Qxa2 35. Qg4 Rg8 36. Qh4 Qa5 (36... Qc2 $5 37. Qe1 a5 $15) 37. f5 Rdf8 (37... Qxc3 38. f6 $18) 38. Qf4 Qxc3 39. Re6 Qxd4 $4 {[%emt 0:00:46] [#]} (39... Rf7 $11) 40. Rxh6+ {[%emt 0:25:13] Demolition} 1-0

[Event "Asian Zonal 3.2 Women 2019"]
[Site "Dhaka"]
[Date "2019.03.22"]
[Round "8.12"]
[White "Parveen, Tanima"]
[Black "Ahmed, Walijah"]
[Result "1-0"]
[ECO "B22"]
[WhiteElo "1990"]
[BlackElo "1691"]
[Annotator "NA RC"]
[PlyCount "79"]
[EventDate "2019.03.14"]
[EventType "swiss"]
[EventCountry "BAN"]
[SourceTitle "playchess.com"]
[Source "ChessBase"]
[SourceQuality "1"]
[TimeControl "5400+30"]

1. e4 c5 2. c3 Nf6 3. e5 Nd5 4. d4 cxd4 5. Nf3 e6 6. Nxd4 b6 {[%emt 0:00:39] B22: Sicilian: 2 c3} (6... Qc7 $11) (6... d6 7. exd6 Bxd6 8. Nd2 O-O 9. Nc4 Be7 10. Be2 a6 11. a4 Qc7 12. O-O b6 13. a5 Nd7 14. axb6 N7xb6 {0-1 (32) Baterdene,T (2318)-Agibileg,U (2302) Harbin 2018}) 7. Be2 $146 ({Predecessor:} 7. Nd2 Bb7 8. N2f3 Na6 9. Bd3 Nc5 10. Bb1 d6 11. O-O dxe5 12. Nxe5 Qf6 13. f4 Bd6 14. Ng4 Qh4 15. g3 Qh3 16. Nf2 Nxf4 {0-1 (16) Stevens,D-Ramsden,J (2045) ICCF email 2015}) 7... Bb7 8. O-O Nc6 9. Nxc6 Bxc6 10. Bf3 Qc7 11. Re1 Be7 12. a3 b5 13. Nd2 d6 14. c4 bxc4 15. Nxc4 dxe5 $2 (15... O-O $11 {and Black has nothing to worry.}) 16. Nxe5 Rd8 {[%emt 0:10:02] [#]} 17. Qc2 (17. Bd2 $1 $18 Bb5 18. Rc1) 17... Ba8 {[%emt 0:08:31] [#]} (17... Rc8 $16) 18. Qa4+ $1 Kf8 19. Bd2 Nb6 20. Qf4 Bd6 21. Rac1 Bxe5 $2 (21... Qe7 {might work better.}) 22. Rxe5 ({Weaker is} 22. Rxc7 Bxf4 23. Bxf4 Bxf3 $11) 22... Qd7 23. Bb4+ Kg8 {[%emt 0:00:08] [#]} 24. Bxa8 (24. Rec5 $1 $18 {[%cal Rc5c7] has better winning chances.} Bxf3 25. Rc7 (25. gxf3 Nd5 $11) 25... Qd1+ 26. Be1) 24... Rxa8 25. Rec5 Nd5 26. Qd2 Qb7 27. Qc2 h6 28. Bd2 h5 29. b4 g6 (29... Rd8 $142) 30. Qe4 Qd7 {[%emt 0:02:24] [#]} 31. Bc3 $1 Rh7 32. Bb2 Rd8 {[%emt 0:02:02] [#]} 33. h3 $1 Qe8 34. Re1 Kf8 $1 $11 35. Bd4 Qd7 36. Bb2 $2 ({White should try} 36. b5 $18) 36... h4 $2 $11 37. Qe5 Qd6 38. Qe4 $2 ({White should play} 38. Qd4 $18) 38... Qf4 $2 {[%emt 0:03:31] [#]} 39. Rxd5 $18 Qxe4 40. Rxd8+ 1-0

[Event "Asian Zonal 3.2 Women 2019"]
[Site "Dhaka"]
[Date "2019.03.23"]
[Round "9.9"]
[White "Sultana, Sharmin Shirin"]
[Black "Hamid, Rani"]
[Result "1-0"]
[ECO "E32"]
[WhiteElo "1981"]
[BlackElo "1941"]
[Annotator "NA RC"]
[PlyCount "79"]
[EventDate "2019.03.14"]
[EventType "swiss"]
[EventCountry "BAN"]
[SourceTitle "playchess.com"]
[Source "ChessBase"]
[SourceQuality "1"]
[TimeControl "5400+30"]

1. d4 Nf6 2. c4 e6 3. Nc3 Bb4 4. Qc2 O-O 5. Nf3 b6 {[%emt 0:01:10] LiveBook: 206 Games [#]} (5... c5 $11) 6. g3 (6. e4 $1 $16) 6... Bb7 7. Bg2 d6 8. O-O Bxc3 9. Qxc3 Nbd7 10. b3 Qe7 11. Bb2 Rfe8 12. Rad1 {[%emt 0:06:57] E32: Nimzo-Indian: Classical (4 Qc2): 4...0-0} c5 (12... Qf8 13. Rfe1 Rac8 14. Qc2 Be4 15. Qc1 Qe7 16. Bh3 Bb7 17. Qc2 c5 {½-½ (17) Harika,D (2509)-Ghaem Maghami,E (2609) Al Ain 2015}) 13. Rfe1 Rad8 $146 {[%emt 0:04:21] [#]} (13... d5 $14) ({Predecessor:} 13... e5 14. dxe5 dxe5 15. Nh4 Bxg2 16. Nxg2 Rad8 17. Ne3 Qe6 18. Rd3 Ne4 19. Qc2 Ndf6 {1-0 (56) Ater,G (2380)-Saiz Rodrigo,J Hospitalet 1994}) 14. d5 $1 exd5 (14... Nf8 $16 {is a better defense.}) 15. cxd5 Qf8 {[%emt 0:00:59] [#]} (15... Ne5 $16 {is a better defense.}) 16. Nh4 $1 Ne5 (16... Ng4 {is a better defense.} 17. e4 Nh6) 17. Qc2 (17. f4 $18) 17... Bc8 18. Nf5 Bxf5 (18... b5 $142) 19. Qxf5 b5 20. Qc2 Re7 {[%emt 0:03:11] [#]} 21. e4 (21. f4 $1 $18 Ned7 22. e4) 21... Nfd7 (21... c4 $16) 22. f4 Ng6 23. e5 Qe8 {[%emt 0:02:27] [#]} 24. e6 $1 fxe6 25. dxe6 Nb6 26. f5 Nf8 27. f6 Rxe6 28. Qf2 gxf6 29. Bxf6 Rb8 30. Bh3 Rxe1+ 31. Rxe1 ({Not} 31. Qxe1 Qxe1+ 32. Rxe1 Kf7 $11) 31... Qh5 $2 {[%emt 0:00:32] [#]} (31... Qg6 32. Re7 Re8) 32. Re7 $1 Qd1+ 33. Bf1 Qg4 34. Bb2 (34. Ba1 $142 Qe6 35. Rg7+ Kh8 36. Rg6+ {[%mdl 64] Discovered Attack} Qe5 37. Qf6+ Qxf6 38. Bxf6#) 34... Qg6 {[%emt 0:02:13] [#]} 35. Bd3 $1 Re8 36. Bxg6 Rxe7 37. Bh5 Nbd7 38. Qf4 Ne5 39. Bxe5 dxe5 40. Qg5+ $18 1-0